 Dungeon Crawl Stone Soup version 0.27.1-3-gb3d3a73c9e (webtiles) character file.

Game seed: 8697385476089692695

422 cozkul the Skirmisher (level 6, -16/56 HPs)
             Began as a Minotaur Berserker on Oct 31, 2021.
             Was a Priest of Trog.
             Killed from afar by a gnoll (23 damage)
             ... with a bolt of acid
             ... on level 4 of the Dungeon.
             The game lasted 00:13:37 (3628 turns).

cozkul the Skirmisher (Minotaur Berserker)          Turns: 3628, Time: 00:13:37

Health: -16/56     AC: 13    Str: 23    XL:     6   Next: 63%
Magic:  5/5        EV: 10    Int: 10    God:    Trog [***...]
Gold:   196        SH:  0    Dex: 15    Spells: 5/5 levels left

rFire    . . .     SeeInvis .   q - +6 war axe "Gujaohut" {venom, Dex+5}
rCold    . . .     Faith    .   (no shield)
rNeg     . . .     Spirit   .   j - +0 chain mail
rPois    .         Reflect  .   (helmet restricted)
rElec    .         Harm     .   (no cloak)
rCorr    .         Rampage  .   (no gloves)
Will     .....                  (no boots)
Stlth    ..........             (no amulet)
HPRegen  0.18/turn              m - +6 ring of intelligence
MPRegen  0.09/turn              b - +4 ring of protection

@: on berserk cooldown, slowed, very slow
A: horns 2, retaliatory headbutt
a: Renounce Religion, Berserk, Trog's Hand


You were on level 4 of the Dungeon.
You worshipped Trog.
Trog was most pleased with you.
You visited 1 branch of the dungeon, and saw 4 of its levels.

You collected 196 gold pieces.

Inventory:

Hand Weapons
 a - a +0 hand axe
 q - the +6 war axe "Gujaohut" (weapon) {venom, Dex+5}
   (You found it on level 4 of the Dungeon)

   It poisons the flesh of those it strikes.
   Dex:       It affects your dexterity (+5).
Armour
 j - a +0 chain mail (worn)
 r - a +1 ring mail of fire resistance
Jewellery
 b - a +4 ring of protection (right hand)
 c - a ring of flight
 d - an amulet of guardian spirit
 m - a +6 ring of intelligence (left hand)
Scrolls
 f - 2 scrolls of identify {unknown}
 i - a scroll of immolation {unknown}
 k - a scroll of enchant armour {unknown}
 p - a scroll of acquirement {unknown}
Potions
 e - a potion of lignification {unknown}
 g - 2 potions of cancellation {unknown}
 h - 3 potions of might {unknown}
 l - a potion of attraction {unknown}
 n - a potion of mutation {unknown}
 o - a potion of haste {unknown}


   Skills:
 + Level 5.5 Fighting
 + Level 5.4 Axes
 + Level 4.7 Armour
 + Level 4.3 Dodging


You had 5 spell levels left.
You didn't know any spells.
Your spell library contained the following spells:

 Spells                   Type           Power      Damage    Failure   Level
 Beastly Appendage        Tmut           0%         N/A       95%         1
 Wereblood                Tmut           0%         N/A       99%         2
 Spider Form              Tmut/Pois      0%         N/A       100%        3
 Blade Hands              Tmut           0%         N/A       100%        5
 Irradiate                Conj/Tmut      0%         3d14      100%        5
 Dragon Form              Tmut           0%         N/A       100%        7


Dungeon Overview and Level Annotations

Branches:
Dungeon (4/15)
 Temple: D:4-7

Altars:
Dithmenos
Gozag

Annotations:
D:4 1 transporter, TigerRab's ghost, novice HuCj


Innate Abilities, Weirdness & Mutations

You have a pair of horns on your head.
You reflexively headbutt those who attack you in melee.


Message History

You slice the gnoll!!
You kill the gnoll!
Trog accepts your kill.
You hit the gnoll sergeant but do no damage.
The gnoll sergeant is poisoned.
The gnoll sergeant hits you with a +2 spear of pain!
You slash the gnoll sergeant!
The gnoll sergeant looks as sick as possible!
The gnoll sergeant is severely wounded.
The gnoll sergeant hits you with a +2 spear of pain.
You barely miss the gnoll sergeant. You headbutt the gnoll sergeant.
The gnoll sergeant is almost dead.
You kill the gnoll sergeant!
Trog accepts your kill.
The gnoll hits you from afar with a +0 halberd!
* * * LOW HITPOINT WARNING * * *
The gnoll zaps a wand.
The bolt of acid hits you.
* * * LOW HITPOINT WARNING * * *
You are splashed with acid!
* * * LOW HITPOINT WARNING * * *
Your chain mail prevents you from hitting the gnoll.
The gnoll hits you but does no damage.
You slash the gnoll!
The gnoll looks as sick as possible!
The gnoll is severely wounded.
The gnoll barely misses you. The gnoll closely misses you.
You furiously retaliate!
You headbutt the gnoll!!
You kill the gnoll!
Trog accepts your kill.
You see here a +0 halberd.
You feel a strong urge to attack something.
You are no longer berserk.
You are exhausted.
You feel yourself slow down. The gnoll hits you but does no damage.
The gnoll barely misses you.
There is an open translucent door here.
The gnoll throws a throwing net.
The throwing net closely misses you.
You see here a throwing net.
You close the door.
The gnoll zaps a wand.
The bolt of acid hits you!!
You die...

#..≈≈###.##'##.###≈≈...##......
#..≈≈..#.#...#.#..≈≈...........
#..≈≈.##.#...#.##.≈≈...........
#..≈≈.#..#.:.#..#.≈≈...........
#..≈≈.##.#####.##.≈≈...##......
#..≈≈..#)#8⌠8#.#......## #..##.
#..≈≈.©#.).©.g.#©.....###...##.
#..≈≈..#)#..(#.#...........##..
#..≈≈.##.##)##@##.≈≈...#...####
#..≈≈.#©.#...#..#.≈≈..## ...###
#..≈≈.##.'...+(##.≈≈..# #....
#..≈≈..#.#P..#.#(.≈≈.## #.(#.
#..≈≈###.##'##.###≈≈... .###.#.
#..≈≈#...........#≈≈.........#.
#..≈≈#8.###.###.8#≈≈.........#.
#..≈≈#..#8###8#..#≈≈...>##.....
#..≈≈####.....####≈≈.##.##.##..


You could see a gnoll.

Vanquished Creatures
  A gnoll sergeant (D:4)
  A scorpion (D:4)
  A bullfrog skeleton (D:4)
  Natasha (thrice) (D:4)
  Robin (D:2)
  7 gnolls (D:4)
  4 adders
  An adder skeleton (D:4)
  A worm (D:3)
  A dart slug (D:3)
  2 orcs (D:4)
  5 endoplasms
  3 giant cockroaches
  12 hobgoblins
  10 kobolds
  4 quokkas
  8 ball pythons
  2 bats
  A frilled lizard (D:2)
  11 goblins
  7 rats
86 creatures vanquished.

Vanquished Creatures (others)
  5 plants (D:4)
5 creatures vanquished.

Grand Total: 91 creatures vanquished

Notes
Turn   | Place    | Note
-------+----------+-------------------------------------------
     0 | D:1      | cozkul the Minotaur Berserker began the quest for the Orb.
     0 | D:1      | Reached XP level 1. HP: 19/19 MP: 0/0
   341 | D:1      | Reached XP level 2. HP: 27/27 MP: 1/1
   912 | D:1      | Found a faded altar of an unknown god.
  1064 | D:1      | Reached ** piety under Trog
  1473 | D:2      | Reached XP level 3. HP: 33/33 MP: 2/2
  2050 | D:3      | Noticed Robin
  2068 | D:2      | Killed Robin
  2244 | D:3      | Reached XP level 4. HP: 41/41 MP: 3/3
  2690 | D:3      | Reached *** piety under Trog
  2871 | D:4      | Noticed Natasha
  2885 | D:4      | Killed Natasha
  2892 | D:4      | Identified the +6 war axe "Gujaohut" {venom, Dex+5}
  2897 | D:4      | Noticed Natasha
  2899 | D:4      | Killed Natasha
  2900 | D:4      | Reached XP level 5. HP: 34/47 MP: 4/4
  2939 | D:4      | Noticed Natasha
  2944 | D:4      | Killed Natasha
  2947 | D:4      | Reached skill level 5 in Fighting
  2947 | D:4      | Reached skill level 5 in Axes
  2975 | D:4      | Reached XP level 6. HP: 20/56 MP: 5/5
  3405 | D:4      | Found a shadowy altar of Dithmenos.
  3405 | D:4      | Found an opulent altar of Gozag.
  3538 | D:4      | Found a transporter.
  3538 | D:4      | Identified the +2 scale mail "Xugobudu" {Dex+3}
  3566 | D:4      | Noticed TigerRab's ghost (novice HuCj)
  3593 | D:4      | Found a transporter.
  3628 | D:4      | Killed from afar by a gnoll

Illustrated notes

Levels and vault maps discovered:
D:1:      dpeg_arrival_morbid_curiosity, layout_loops_ring,
          hellmonk_ecumenical_altar_inner_sanctum
D:2:      layout_basic
D:3:      layout_basic, uniq_robin
D:4:      layout_cave_pools, gammafunk_temple_overflow_wave,
          gammafunk_ghost_gnarly_gnolls, uniq_natasha

Skill      XL: |  1  2  3  4  5  6 |
---------------+-------------------+-----
Fighting       | 4 5 |  5.5
Axes           | 4 5 |  5.4
Armour         | 3 4 |  4.7
Dodging        | 3 4 |  4.3

Action                   |  1- 3 |  4- 6 || total
-------------------------+-------+-------++-------
Melee: Hand axe          |    55 |       ||    55
       Headbutt          |    12 |    11 ||    23
       Scimitar          |    32 |    34 ||    66
       War axe           |       |    27 ||    27
Invok: Berserk           |     1 |     2 ||     3
Armor: Leather armour    |    13 |       ||    13
       Chain mail        |    21 |    32 ||    53
Dodge: Dodged            |    54 |    37 ||    91
       Rpst.: Scimitar   |     2 |     4 ||     6
